 Dungeon Crawl Stone Soup version 0.26-a0-466-g989023bd0d (webtiles) character file.

Game seed: 4460254342906615374

36 night the Chiller (level 3, -2/28 HPs)
             Began as a Draconian Ice Elementalist on Aug 5, 2020.
             Slain by a hobgoblin
             ... wielding a +0 club
             ... led by Robin
              (4 damage)
             ... on level 2 of the Dungeon.
             The game lasted 00:01:33 (842 turns).

night the Chiller (Draconian Ice Elementalist)       Turns: 842, Time: 00:01:34

Health: -2/28      AC:  5    Str: 10    XL:     3   Next: 19%
Magic:  6/6        EV: 12    Int: 16    God:
Gold:   67         SH:  0    Dex: 11    Spells: 5/6 levels left

rFire    . . .     SeeInvis .   b - +1 dagger (venom)
rCold    . . .     Faith    .   (no shield)
rNeg     . . .     Spirit   .   (armour unavailable)
rPois    .         Reflect  .   (helmet restricted)
rElec    .         Harm     .   (no cloak)
rCorr    .                      (no gloves)
MR       .....                  (no boots)
Stlth    ++........             (no amulet)
HPRegen  0.09/turn              (no ring)
MPRegen  0.10/turn              (no ring)

@: no status effects
A: unfitting armour, cold-blooded, AC +5
a: no special abilities


You were on level 2 of the Dungeon.
You visited 1 branch of the dungeon, and saw 2 of its levels.

You collected 67 gold pieces.

Inventory:

Hand Weapons
 b - a +1 dagger of venom (weapon)
Scrolls
 a - 2 scrolls of teleportation {unknown}
 c - 2 scrolls of amnesia {unknown}
 d - a scroll of identify {unknown}


   Skills:
 + Level 1.3 Fighting
 - Level 1.7 Dodging
 - Level 1.7 Stealth
 + Level 2.4 Spellcasting
 * Level 4.6 Ice Magic


You had 5 spell levels left.
You knew the following spells:

 Your Spells              Type           Power        Failure   Level
a - Freeze                Ice            ###.         3%          1

Your spell library contained the following spells:

 Spells                   Type           Power        Failure   Level
 Frozen Ramparts          Ice            ###...       9%          3
 Ozocubu's Armour         Ice            ###.....     9%          3
 Hailstorm                Conj/Ice       #.......     61%         4
 Summon Ice Beast         Ice/Summ       #.......     61%         4


Dungeon Overview and Level Annotations

Branches:
Dungeon (2/15)

Altars:

Annotations:
D:2 Robin


Innate Abilities, Weirdness & Mutations

Your plain brown scales are hard. (AC +5)
You cannot fit into any form of body armour.
You are cold-blooded and may be slowed by cold attacks.


Message History

You kill the goblin!
The hobgoblin hits you with a +0 club. Robin throws the goblin at you!
The goblin hits you but does no damage.
Things that are here:
a +0 dagger; a +0 dagger You hit the goblin.
The goblin is poisoned.
You tail-slap the goblin, but do no damage.
The goblin is moderately wounded.
The hobgoblin closely misses you. The goblin closely misses you.
You hit the goblin.
You kill the goblin!
The goblin no longer looks unusually strong.
The hobgoblin hits you with a +0 club!
* * * LOW HITPOINT WARNING * * *
Robin throws the goblin at you! The goblin misses you.
You hit the goblin.
The goblin is poisoned.
You tail-slap the goblin.
You kill the goblin!
The goblin no longer looks unusually strong.
The hobgoblin hits you with a +0 club.
You die...

###.#..# #.# # ...#..#
#.# # #..#..# #.# #
..#####?.#..####.#######
....g....#..............
...g..g..?..####.#######
.######g##### #.# # #g#
#.. . #@# #### # #)# #.#
..# ###


You could see Robin, a hobgoblin (strong) and a goblin.

Vanquished Creatures
  A dart slug (D:1)
  2 ball pythons (D:1)
  6 bats (D:1)
  2 giant cockroaches (D:1)
  11 goblins
  A hobgoblin (D:1)
  3 jackals (D:1)
  2 rats
28 creatures vanquished.

Notes
Turn   | Place    | Note
-------+----------+-------------------------------------------
     0 | D:1      | night the Draconian Ice Elementalist began the quest for
                  | the Orb.
     0 | D:1      | Reached XP level 1. HP: 14/14 MP: 3/3
   159 | D:1      | Reached XP level 2. HP: 16/22 MP: 0/5
   390 | D:1      | Reached skill level 1 in Fighting
   826 | D:2      | Noticed Robin
   834 | D:2      | Reached XP level 3. HP: 12/28 MP: 6/6
   841 | D:2      | HP: 2/28 [hobgoblin/+0 club[Robin] (8)]
   842 | D:2      | Slain by a hobgoblin

Illustrated notes

Levels and vault maps discovered:
D:1:      giann_horns, layout_basic
D:2:      layout_loops_ring, grunt_decor_one_mirror, moated_statue,
          uniq_terence, uniq_robin, uniq_jessica

Skill      XL: |  1  2 |
---------------+-------+-----
Fighting       | 1 |  1.3
Dodging        | |  1.7
Stealth        | |  1.7
Spellcasting   | |  2.4
Ice Magic      | |  4.6

Action                   || total
-------------------------++-------
Melee: Unarmed           ||     5
       Dagger            ||    42
       Tailslap          ||     5
 Cast: Freeze            ||     5
 Stab: Sleeping          ||     4
Armor: Skin              ||    20
Dodge: Dodged            ||    31

Table legend: (Time is in decaauts)
 A = Elapsed time spent in this place.
 B = Non-inter-level travel time spent in this place.
 C = Inter-level travel time spent in this place.
 D = Time resting spent in this place.
 E = Time spent auto-exploring this place.
 F = Levels seen in this place.
 G = Mean time per level.
                   A        B        C        D        E       F      G
               +--------+--------+--------+--------+--------+-----+--------+
         Total |    841 |    795 |     46 |    247 |    402 |   2 |  420.5 |
       Dungeon |    841 |    795 |     46 |    247 |    402 |   2 |  420.5 |
               +--------+--------+--------+--------+--------+-----+--------+

Top non-repeatable levels by time:
     D:1: 760 daAuts
     D:2: 80 daAuts
